AoeStats
← spark

Arabian Desert

510239325Analyzed
1v1 RM · 2d ago on Sep 30, 2026· 42m 4s· 2 players
Game mode
Random Map
Map size
Tiny (2 player)
Population
200
Speed
Normal
Resources
Standard
Victory
Conquest
Starting age
Dark Age
Ending age
Imperial Age
RankedLock teamsTeams togetherTeam positionsShared explorationLock speedFull tech treeHidden civsTurbo modeCheats
Victory
Defeat
🇨🇳 Franks · China
750
+15
🇺🇸 Khmer · United States
733
-15
tbzachary
7:23 Loom
7:40 Loom
9:58 Feudal Age
13:00 Double-Bit Axe
16:33 Castle Age
17:16 Stone Mining
22:12 Gold Mining
24:23 Horse Collar
24:44 Pikeman
28:09 Scale Mail Armor
28:19 Forging
28:40 Bloodlines
30:53 Forging
34:12 Iron Casting
35:56 Chain Mail Armor
37:43 Bow Saw
37:45 Heavy Plow
39:34 Tusk Swords
40:12 Husbandry
41:18 Gold Shaft Mining
41:52 Bow Saw
spark
10:37 Feudal Age
10:05 Loom
11:05 Double-Bit Axe
21:17 Castle Age
22:20 Forging
23:10 Wheelbarrow
22:49 Bow Saw
24:54 Hand Cart
25:30 Husbandry
27:09 Gold Mining
27:58 Iron Casting
30:58 Stone Mining
31:22 Scale Barding Armor
35:34 Imperial Age
36:14 Chain Barding Armor
36:45 Cavalier
38:03 Plate Barding Armor
38:29 Blast Furnace
38:53 Gold Shaft Mining
38:35 Paladin
39:44 Conscription
41:13 Town Watch
Connection lost

Rejoining the realm…

Still unreachable

The connection could not be restored.

Session expired

The server has moved on; the page needs a fresh start.